 Dungeon Crawl Stone Soup version 0.31-a0-426-g3a05650e59 (webtiles) character file.

Game seed: 7411650089969890635

13484 Ofeo the Reanimator (level 11, -2/87 HPs)
             Began as a Demonspawn Wanderer on July 30, 2023.
             Was a High Priest of Wu Jian.
             Slain by Fannar
             ... wielding a +0 quarterstaff of freezing
              (5 damage)
             ... on level 10 of the Dungeon.
             The game lasted 00:28:27 (16152 turns).

Ofeo the Reanimator (Demonspawn Wanderer)          Turns: 16152, Time: 00:28:28

Health: -2/87      AC: 13    Str: 15    XL:     11   Next: 76%
Magic:  21/21      EV: 10    Int: 16    God:    Wu Jian [*****.]
Gold:   606        SH:  0    Dex: 12    Spells: 20/24 levels left

rFire   . . .        y - +3 flail (freeze)
rCold   + . .        (no shield)
rNeg    . . .        n - +4 scale mail of Vaasipse {rPois}
rPois   +            (helmet restricted)
rElec   .            v - +0 cloak {rPois}
rCorr   +            (no gloves)
SInv    .            (no boots)
Will    .....        (no amulet) Stlth
                     s - ring of resist corrosion
HPRegen 0.34/turn    d - ring of protection from cold
MPRegen 0.34/turn

%: no passive effects
@: no status effects
A: hooves 2, horns 1, powered by pain 1, magic regeneration, demonic touch 1
a: Renounce Religion, Wall Jump, Serpent's Lash, Heavenly Storm


You were on level 10 of the Dungeon.
You worshipped Wu Jian.
Wu Jian was extremely pleased with you.
You visited 2 branches of the dungeon, and saw 11 of its levels.
You also visited: Bailey.

You collected 921 gold pieces.
You spent 315 gold pieces at shops.

Inventory:

Hand Weapons
 y - a +3 flail of freezing (weapon)
 A - a +4 flail
Missiles
 j - 14 boomerangs
 l - 5 silver javelins
 F - 2 curare-tipped darts
Armour
 f - a +2 chain mail of cold resistance
 k - the +4 chain mail "Caad" {rElec rN+ MP-9 Dex+6}
   (You found it on level 2 of the Dungeon)

   Dex:       It affects your dexterity (+6).
   rElec:     It insulates you from electricity.
   rN:        It protects you from negative energy.
   MP:        It affects your magic capacity (-9).
 n - the +4 scale mail of Vaasipse (worn) {rPois}
   (You bought it in a shop on level 7 of the Dungeon)

   rPois:     It protects you from poison.
 v - a +0 cloak of poison resistance (worn)
 C - a +2 leather armour of fire resistance
Jewellery
 d - a ring of protection from cold (right hand)
 h - a +6 ring of intelligence
 r - a ring of ice
 s - a ring of resist corrosion (left hand)
 x - a ring of protection from cold
 I - a +6 ring of strength
Wands
 b - a wand of charming (20)
 e - a wand of iceblast (10) {@v4}
 E - a wand of mindburst (11)
Scrolls
 c - 2 scrolls of teleportation {@r3}
 i - 2 scrolls of identify {@r1}
 m - a scroll of butterflies
 t - 3 scrolls of enchant weapon
 D - a scroll of fear
 G - a scroll of blinking {@r4}
Potions
 a - a potion of cancellation
 g - 2 potions of haste {@q3}
 o - 2 potions of brilliance {unknown}
 q - a potion of curing {@q1}
 u - 4 potions of lignification
 w - a potion of ambrosia
 z - a potion of resistance {@q6}
 B - 2 potions of might {unknown}
 H - a potion of magic {unknown}
Miscellaneous
 p - a condenser vane


   Skills:
 + Level 8.8 Fighting
 * Level 8.5(8.8) Maces & Flails
 - Level 2.7(6.1) Staves
 + Level 8.1 Armour
 + Level 2.6 Dodging
 - Level 7.1 Spellcasting
 - Level 9.1 Necromancy


You had 20 spell levels left.
You knew the following spells:

 Your Spells              Type           Power      Damage    Failure   Level
a - Kiss of Death         Conj/Necr      80%        2d11      6%          1
b - Vampiric Draining     Necr           35%        2d8       2%          3

Your spell library contained the following spells:

 Spells                   Type           Power      Damage    Failure   Level
 Foxfire                  Conj/Fire      20%        2x1d5     36%         1
 Slow                     Hex            20%        N/A       36%         1
 Summon Small Mammal      Summ           20%        N/A       36%         1
 Call Canine Familiar     Summ           5%         N/A       75%         3
 Confusing Touch          Hex            5%         N/A       75%         3
 Ozocubu's Armour         Ice            5%         N/A       75%         3
 Stone Arrow              Conj/Erth      10%        3d7       75%         3
 Summon Guardian Golem    Hex/Summ       5%         N/A       75%         3
 Animate Armour           Summ/Erth      10%        N/A       98%         4
 Manifold Assault         Tloc           5%         N/A       98%         4
 Dispersal                Tloc           2%         N/A       100%        6
 Plasma Beam              Fire/Air       2%         2x1d12    100%        6
 Starburst                Conj/Fire      2%         6d3       100%        6
 Orb of Destruction       Conj           2%         9d5       100%        7
 Ozocubu's Refrigeration  Ice            2%         4d8       100%        7
 Spellforged Servitor     Conj/Summ      2%         N/A       100%        7
 Summon Hydra             Summ           2%         N/A       100%        7
 Disjunction              Tloc           2%         N/A       100%        8
 Lehudib's Crystal Spear  Conj/Erth      2%         10d2      100%        8


Dungeon Overview and Level Annotations

Branches:
Dungeon (10/15)            Temple (1/1) D:5          Bailey (visited)
   Lair: D:8-11         Orc: D:9-12

Altars:
Ashenzari
Cheibriados
Dithmenos
Fedhas
Gozag
Hepliaklqana
Kikubaaqudgha
Makhleb
Nemelex Xobeh
Okawaru
Qazlal
Ru
Sif Muna
Trog
Uskayaw
Vehumet
Wu Jian
Xom
Yredelemnul

Shops:
D:7 [?=   D:9 (

Portals:
Trove: D:10 (give 17 potions of curing)

Annotations:
D:4 1 runed translucent door, deremet's ghost, weakling GnDe
D:9 4 transporters
D:10 Fannar
Temple 2 transporters


Innate Abilities, Weirdness & Mutations

You have hoof-like feet.
You have a pair of small horns on your head.
You sometimes gain a little power by taking damage.
You regenerate magic rapidly.
Your touch may inflict minor irresistible damage on your foes.


Message History

You feel better.
The ice beast hits you but does no damage.
Fannar hits you but does no damage.
You regained 9 hp, and now have 18/87 hp.
You closely miss Fannar. Your kick misses Fannar. You headbutt Fannar.
Your touch misses Fannar.
Fannar is severely wounded.
The ice beast hits you but does no damage.
Fannar points at you and mumbles some strange words.
The bolt of cold hits you! You resist.
* * * LOW HITPOINT WARNING * * *
The bolt of cold hits the ice beast.
The ice beast completely resists.
You take 12 damage, and have 6/87 hp.
You closely miss Fannar. You kick Fannar!
Fannar is almost dead.
The ice beast hits you but does no damage.
Fannar hits you with a +0 quarterstaff of freezing.
* * * LOW HITPOINT WARNING * * *
Fannar freezes you.
* * * LOW HITPOINT WARNING * * *
You take 5 damage, and have 1/87 hp.
You barely miss Fannar. Your kick misses Fannar.
Fannar is almost dead.
The ice beast hits you but does no damage.
Fannar casts a spell at you. The bolt of cold misses you.
The bolt of cold hits the ice beast.
The ice beast completely resists.
You hit Fannar. Your touch misses Fannar.
Fannar is almost dead.
The ice beast hits you but does no damage.
You barely miss Fannar.
Fannar is almost dead.
Fannar points at you and mumbles some strange words.
The bolt of cold misses you.
The bolt of cold hits the ice beast.
The ice beast completely resists.
The ice beast hits you but does no damage.
You closely miss Fannar. Your kick misses Fannar.
Fannar is almost dead.
Fannar hits you with a +0 quarterstaff of freezing.
You die...

#......#+##### #....##.
####.###.# ###....##.
#......#.# #.....[.'.
#.##.#.#.#####.#######.
#.##.#.........# #.
#......#.####### #.
######....#.#.# ##
........#.#Y#.#
#########.#@#.#
#.........#e#e####
#.#######.#......# #>#
#...........# #.#
#.#####.....### #.#
#.#####........ #.#
#.#.....####### # #.#
#.#.....#########.Y. #
#.#
#.........eY.YYYYW.. #


You could see Fannar and an ice beast (summoned).

Vanquished Creatures
  A boulder beetle (D:7)
  A two-headed ogre (D:7)
  Erica (D:8)
  Pikel (D:5)
  An ugly thing (D:7)
  Maurice (D:8)
  Joseph (D:8)
  2 gargoyles
  2 kobold demonologists (D:7)
  An unseen horror (D:7)
  2 polar bears (D:8)
  Sigmund (D:3)
  A wyvern (D:10)
  9 yaks
  A vampire (Bailey)
  3 wraiths
  A basilisk (D:7)
  Edmund (D:4)
  3 water moccasins (D:7)
  4 orc warriors
  5 ice beasts
  4 black bears
  A wolf (D:8)
  4 ogres
  4 centaurs
  3 lemures (D:5)
  2 phantoms
  4 kobold brigands
  8 bullfrogs
  4 scorpions
  A gnoll sergeant (D:6)
  11 wights
  A killer bee (D:6)
  6 wolf zombies (Bailey)
  9 vampire bats (Bailey)
  3 howler monkeys
  2 electric eels (D:8)
  4 jellies
  6 orc priests
  8 hounds
  A gnoll bouda (D:6)
  7 iguanas
  4 orc wizards
  A sleepcap (D:4)
  9 adders
  A gnoll (D:7)
  2 shadow imps (D:7)
  7 white imps
  4 ufetubi
  A worm (D:5)
  4 dart slugs
  30 orcs
  6 ball pythons
  A bat (D:3)
  3 endoplasms
  4 giant cockroaches
  11 goblins
  A hobgoblin (D:4)
  12 kobolds
  7 quokkas
  24 orc zombies (Bailey)
  5 rats
273 creatures vanquished.

Vanquished Creatures (others)
  An orc wizard (D:7)
1 creature vanquished.

Grand Total: 274 creatures vanquished

Notes
Turn   | Place    | Note
-------+----------+-------------------------------------------
     0 | D:1      | Ofeo the Demonspawn Wanderer began the quest for the Orb.
     0 | D:1      | Ofeo set off with the following items: a +2 quarterstaff, a
                  | +0 ring mail, a scroll of teleportation {@r3}; and the
                  | following spell memorised: Kiss of Death; and the following
                  | spells available to memorise: Vampiric Draining.
     0 | D:1      | Reached XP level 1. HP: 16/16 MP: 2/2
   788 | D:1      | Gained mutation: You regenerate magic rapidly. [demonic
                  | ancestry]
   788 | D:1      | Reached XP level 2. HP: 22/22 MP: 3/3
  1254 | D:2      | Identified the +4 chain mail "Caad" {rElec rN+ MP-9 Dex+6}
  1476 | D:2      | Found a faded altar of an unknown god.
  2012 | D:3      | Noticed Sigmund
  2055 | D:2      | Discovered your monstrous ancestry.
  2055 | D:2      | Gained mutation: You have a pair of small horns on your
                  | head. [demonic ancestry]
  2055 | D:2      | Reached XP level 3. HP: 27/28 MP: 0/5
  2127 | D:3      | Killed Sigmund
  2128 | D:3      | Reached skill level 4 in Necromancy
  2128 | D:3      | Reached XP level 4. HP: 32/35 MP: 0/7
  2128 | D:3      | Gained mutation: Your touch may inflict minor irresistible
                  | damage on your foes. [demonic ancestry]
  2128 | D:3      | Reached XP level 5. HP: 38/41 MP: 0/8
  2544 | D:3      | Identified the +0 sling "Xaumaps" {drain, rC- Int+5}
  3301 | D:3      | Found an ornate altar of the Wu Jian Council.
  3778 | D:4      | Gained mutation: You have large cloven feet. [demonic
                  | ancestry]
  3778 | D:4      | Reached XP level 6. HP: 47/47 MP: 0/9
  4188 | D:4      | Noticed Edmund
  4195 | D:4      | Killed Edmund
  4238 | D:4      | Reached skill level 5 in Necromancy
  4472 | D:4      | Found a runed translucent door.
  4473 | D:4      | Noticed deremet's ghost (weakling GnDe)
  4702 | D:5      | Entered Level 5 of the Dungeon
  4798 | D:5      | Found a staircase to the Ecumenical Temple.
  4808 | D:5      | Reached XP level 7. HP: 43/53 MP: 2/11
  4835 | Temple   | Found a transporter.
  4835 | Temple   | Found a transporter.
  4835 | Temple   | Found a transporter.
  4835 | Temple   | Found a transporter.
  4835 | Temple   | Entered the Ecumenical Temple
  5039 | D:2      | Prayed at the altar of an unknown god.
  5039 | D:2      | Became a worshipper of the Wu Jian Council
  5039 | D:2      | Reached * piety under Wu Jian
  5399 | D:5      | Noticed Pikel
  5430 | D:5      | Killed Pikel
  5431 | D:5      | Reached skill level 5 in Fighting
  5431 | D:5      | Reached skill level 6 in Necromancy
  5431 | D:5      | Gained mutation: You have hoof-like feet. [demonic
                  | ancestry]
  5431 | D:5      | Reached XP level 8. HP: 36/62 MP: 3/14
  5520 | D:5      | Got the Tome of the Barber Surgeon
  5888 | D:6      | Reached skill level 5 in Armour
  6065 | D:6      | Reached skill level 5 in Spellcasting
  6079 | D:6      | Reached skill level 1 in Maces & Flails
  6328 | D:6      | Reached ** piety under Wu Jian
  6363 | D:6      | Reached skill level 7 in Necromancy
  6363 | D:6      | Reached XP level 9. HP: 66/69 MP: 7/16
  6905 | D:6      | Noticed a two-headed ogre
  6985 | D:5      | Noticed a rust devil
  6985 | D:5      | Noticed a rust devil
  7852 | D:7      | Noticed a gargoyle
  7863 | D:7      | Killed a gargoyle
  8048 | D:7      | Noticed a cyan ugly thing
  8064 | D:7      | Killed a cyan ugly thing
  8065 | D:7      | Reached skill level 8 in Necromancy
  8065 | D:7      | Reached XP level 10. HP: 31/79 MP: 8/19
  8228 | D:6      | Reached skill level 5 in Maces & Flails
  8348 | D:7      | Noticed a two-headed ogre
  8357 | D:7      | Killed a two-headed ogre
  8357 | D:7      | Reached *** piety under Wu Jian
  8873 | D:7      | Identified the +6 plate armour of Oturghupt {*Corrode rF+
                  | rN+++ Str-5}
  8875 | D:7      | Identified the +2 robe "Kips" {Harm Archmagi}
  9022 | D:7      | Noticed a boulder beetle
  9327 | D:7      | Killed a boulder beetle
  9328 | D:7      | Gained mutation: You sometimes gain a little power by
                  | taking damage. [demonic ancestry]
  9328 | D:7      | Reached XP level 11. HP: 38/86 MP: 12/21
  9728 | D:7      | Found a shimmering altar of Xom.
  9778 | D:7      | Found Cinucsy's Antique Armour Boutique.
  9785 | D:7      | Found Xylob's Magic Scroll Shop.
  9787 | D:7      | Found Fipnupn's Jewellery Boutique.
  9799 | D:7      | Bought a faintly humming scale mail for 315 gold pieces
  9799 | D:7      | Identified the +4 scale mail of Vaasipse {rPois} (You
                  | bought it in a shop on level 7 of the Dungeon)
 10024 | D:7      | Found a hide-covered altar of Uskayaw.
 10156 | D:8      | Noticed Erica
 10164 | D:8      | Killed Erica
 10165 | D:8      | Reached skill level 9 in Necromancy
 10272 | D:8      | Found a flagged portal.
 10283 | Bailey   | Entered a bailey
 10379 | Bailey   | Reached **** piety under Wu Jian
 11154 | Bailey   | Learned a level 3 spell: Vampiric Draining
 11181 | Bailey   | Identified the +0 robe of Fedhas's Generosity {rElec rCorr
                  | Str+7 Dex-5}
 11883 | D:8      | Noticed Joseph
 11924 | D:8      | Killed Joseph
 12078 | D:8      | Reached skill level 1 in Dodging
 12376 | D:8      | Noticed Maurice
 12383 | D:8      | Killed Maurice
 12471 | D:8      | Noticed a death yak
 13405 | D:9      | Found Gior Voi's Weapon Shoppe.
 14102 | D:9      | Found a transporter.
 14106 | D:9      | Found a transporter.
 14111 | D:9      | Found a transporter.
 14300 | D:9      | Found a transporter.
 15173 | D:10     | Entered Level 10 of the Dungeon
 15328 | D:10     | Found a portal to a secret trove of treasure.
 15522 | D:10     | Reached ***** piety under Wu Jian
 15862 | D:10     | Noticed Fannar
 16148 | D:10     | HP: 2/87 [Fannar/+0 quarterstaff of freezing (4)]
 16152 | D:10     | Slain by Fannar

Illustrated notes

Levels and vault maps discovered:
D:1:      nagdon_arrival_double_spiral, layout_basic
D:2:      layout_basic, ebering_ecumenical_altar_petrified,
          dreamdust_wishing_well
D:3:      layout_basic, nicolae_wu_jian_glorious_leap, uniq_sigmund
D:4:      layout_loops_ring, ebering_ghost_reflecting_pool, minmay_ruptured,
          uniq_edmund
D:5:      cheibrodos_iron_armory, layout_rooms, minmay_temple_entry_mini_moons,
          uniq_pikel
D:6:      kennysheep_windowed_halls, layout_basic, minivault_27,
          hangedman_decor_diamond_cutter
D:7:      minmay_the_grid_octo_tiled_squarecenter [minmay_the_grid_octo_horde,
          minmay_the_grid_octo_fan_narrow, minmay_the_grid_octo_clover,
          minmay_the_grid_octo_77,
          minmay_the_grid_square_5x5_megaprize_checkered,
          minmay_the_grid_square_5x5_checkered_statues,
          minmay_the_grid_square_5x5_six_small,
          minmay_the_grid_square_5x5_minibox,
          minmay_the_grid_square_5x5_dogpile], layout_gridville,
          mainiacjoe_overflow_catwalk_spiral, nicolae_wooded_promenade,
          chequers_decorated_corner
D:8:      layout_loops_ring, serial_ice, serial_ice_k, serial_ice_n,
          serial_ice_o, serial_ice_g, serial_ice_m, serial_ice_h,
          enter_bailey_3, kennysheep_generic_room_14, uniq_maurice, uniq_joseph,
          uniq_erica
D:9:      layout_small_grid, serial_shops, nicolae_shop_tiny_glass,
          minmay_misc_feat_room, minmay_misc_feat_tower,
          nicolae_transporter_circle
D:10:     layout_basic, enter_trove_2, serial_park_tiny_2, uniq_fannar
Temple:   hellmonk_temple_divided_pantheon

Skill      XL: |  1  2  3  4  5  6  7  8  9 10 11 |
---------------+----------------------------------+-----
Staves         | 2 |  2.7
Armour         | 2 3 4 5 6 7 8 |  8.1
Fighting       | 3 5 7 8 |  8.8
Spellcasting   | 2 3 4 5 6 7 |  7.1
Necromancy     | 4 5 6 7 8 9 |  9.1
Maces & Flails | 1 4 6 8 |  8.5
Dodging        | 2 |  2.6

Action                     |  1- 3 |  4- 6 |  7- 9 | 10-12 || total
---------------------------+-------+-------+-------+-------++-------
  Melee: Quarterstaff      |    72 |    24 |       |       ||    96
         War axe           |       |    55 |    61 |       ||   116
         Headbutt          |       |    17 |    55 |   107 ||   179
         Touch             |       |     8 |    47 |    98 ||   153
         Kick              |       |     9 |    79 |   163 ||   251
         Punch             |       |       |     4 |     9 ||    13
         Whip              |       |       |    40 |       ||    40
         Mace              |       |       |   142 |    25 ||   167
         Flail             |       |       |       |   488 ||   488
Ability: Lunge             |       |       |    11 |    59 ||    70
         Whirlwind         |       |       |     6 |    33 ||    39
  Evoke: Wand              |       |       |     1 |    10 ||    11
    Use: Scroll            |       |     2 |     6 |    14 ||    22
         Potion            |       |     4 |     1 |    10 ||    15
 Armour: Plate armour      |    30 |       |       |       ||    30
         Chain mail        |    37 |    75 |   172 |    97 ||   381
         Scale mail        |       |       |       |   186 ||   186
  Dodge: Dodged            |    13 |    32 |    75 |   214 ||   334

Table legend: (Time is in decaauts)
 A = Elapsed time spent in this place.
 B = Non-inter-level travel time spent in this place.
 C = Inter-level travel time spent in this place.
 D = Time resting spent in this place.
 E = Time spent auto-exploring this place.
 F = Levels seen in this place.
 G = Mean time per level.
                   A        B        C        D        E       F      G
               +--------+--------+--------+--------+--------+-----+--------+
         Total |  16386 |  15714 |    672 |   3283 |   9169 |  12 | 1365.5 |
       Dungeon |  15320 |  14658 |    662 |   2849 |   9108 |  10 | 1532.0 |
        Temple |     91 |     81 |     10 |      0 |     57 |   1 |   91.0 |
        Bailey |    973 |    973 |      0 |    434 |      4 |   1 |  973.0 |
               +--------+--------+--------+--------+--------+-----+--------+

Top non-repeatable levels by time:
     D:7: 2577 daAuts
     D:6: 2439 daAuts
     D:8: 2203 daAuts
     D:3: 1972 daAuts
     D:1: 1255 daAuts
     D:9: 1118 daAuts
     D:4: 1070 daAuts
     D:5: 1020 daAuts
    D:10: 981 daAuts
  Bailey: 973 daAuts
     D:2: 680 daAuts
  Temple: 91 daAuts
